 Dungeon Crawl Stone Soup version 0.23.1 (webtiles) character file.

Game seed: 557742908209188271

7638 dengdeng the Cleaver (level 10, -5/95 HPs)
             Began as a Minotaur Berserker on Mar 8, 2019.
             Was a High Priest of Trog.
             Splashed by a deep elf sorcerer's acid (10 damage)
             ... on level 1 of the Abyss.
             The game lasted 00:36:35 (9331 turns).

dengdeng the Cleaver (Minotaur Berserker)           Turns: 9331, Time: 00:36:36

Health: -5/95      AC:  7    Str: 19      XL:     10   Next: 98%
Magic:  9/9        EV:  8    Int:  3 (4)  God:    Trog [*****.]
Gold:   595        SH:  5    Dex: 12      Spells: 9/9 levels left

rFire    + . .     SeeInvis .   n - +2 hand axe (venom)
rCold    . . .     Gourm    .   k - +0 buckler
rNeg     . . .     Faith    +   G - +0 plate armour
rPois    .         Spirit   .   (helmet restricted)
rElec    .         Reflect  .   (no cloak)
rCorr    .         Harm     .   (no gloves)
MR       +....                  x - +0 pair of boots
Stlth    ..........             A - amulet of faith
HPRegen  0.00/turn              m - ring of protection from fire
MPRegen  0.11/turn              H - ring of protection from magic

@: corroded, non-regenerating, mildly diseased
A: retaliatory headbutt, horns 2, [deformed body], [deterioration 2], [weak 2],
[subdued magic 2]
a: Berserk, Trog's Hand, Brothers in Arms, Renounce Religion


You were on level 1 of the Abyss.
You worshipped Trog.
Trog was extremely pleased with you.
You were not hungry.

You visited 1 branch of the dungeon, and saw 10 of its levels.
You visited the Abyss 1 time.
You also visited: Sewer.

You collected 595 gold pieces.

Inventory:

Hand Weapons
 n - a +2 hand axe of venom (weapon)
Missiles
 a - 5 javelins (quivered)
 e - 358 stones
 r - 9 tomahawks
Armour
 k - a +0 buckler (worn)
 x - a +0 pair of boots (worn)
 G - a +0 plate armour (worn)
Jewellery
 m - a ring of protection from fire (left hand)
 A - an amulet of faith (around neck)
 H - a ring of protection from magic (right hand)
Wands
 F - a wand of scattershot (5)
 J - a wand of polymorph (5)
Scrolls
 f - a scroll of immolation {unknown}
 g - 15 scrolls of identify
 i - a scroll of fog {unknown}
 l - 3 scrolls of random uselessness {unknown}
 p - 6 scrolls of remove curse {unknown}
 s - 7 scrolls of teleportation {unknown}
 t - 3 scrolls of enchant armour {unknown}
 w - a scroll of silence {unknown}
 y - 2 scrolls of amnesia {unknown}
 B - 3 scrolls of enchant weapon {unknown}
 D - a scroll of noise {unknown}
 E - a scroll of brand weapon {unknown}
 K - a scroll of magic mapping {unknown}
Potions
 b - 6 potions of brilliance {unknown}
 d - 4 potions of heal wounds {unknown}
 h - 2 potions of lignification {unknown}
 j - 2 potions of resistance {unknown}
 o - 12 potions of curing {unknown}
 q - a potion of berserk rage {unknown}
 u - a potion of agility {unknown}
 v - a potion of haste {unknown}
 z - 3 potions of flight {unknown}
 I - a potion of magic {unknown}
Miscellaneous
 L - a phial of floods
Comestibles
 c - 14 rations


   Skills:
 * Level 11.0 Fighting
 + Level 11.6 Axes
 + Level 1.1 Throwing
 * Level 11.1 Armour
 + Level 4.5 Dodging
 + Level 1.4 Stealth
 + Level 5.0 Shields


You had 9 spell levels left.
You didn't know any spells.
Your spell library was empty.

Dungeon Overview and Level Annotations

Branches:
Dungeon (10/15)            Temple (0/1) D:7
   Lair: D:8-11         Orc: D:9-12

Altars:
Ashenzari
Dithmenos
Fedhas
Nemelex Xobeh
Qazlal
Sif Muna
Uskayaw
Wu Jian

Annotations:
D:10 Sonja


Innate Abilities, Weirdness & Mutations

You reflexively headbutt those who attack you in melee.
You have a pair of horns on your head.
[Armour fits poorly on your strangely shaped body.]
[Your body often deteriorates upon taking damage.]
[You are very weak. (Str -4)]
[Your spells are easier to cast, but less powerful.]


Message History

The wretched star pulses with an eldritch light!
You feel yourself wasting away.
You feel your body start to fall apart.
A deep elf sorcerer comes into view. It is wielding a +0 short sword.
Unknown command.
The deep elf sorcerer shouts!
You hit the wretched star.
The wretched star is almost destroyed.
You hit the wretched star.
The wretched star is almost destroyed.
The deep elf sorcerer gestures at you while chanting.
The bolt of acid hits you!!
Your body deteriorates!
You feel dopey. The acid corrodes you!
You are splashed with acid!
You hit the wretched star but do no damage.
The wretched star is almost destroyed.
The deep elf sorcerer gestures at you while chanting.
The bolt of acid hits you!!
* * * LOW HITPOINT WARNING * * *
You are splashed with acid!
You die...

# #..#...# #. .
## ##. ...# # .
.. .#.##.
.#..#.# # .e..#
#. .# .. #
##...#. #.# ##.
. #....#..#.# .
.
##....#..#.#..#
. # . #..##..#.
...# 5 #
#..@#.#### .# #
. #.*##..# ..#
# #..# #..# ..
..#. ##.. 5 ..
... # . .. # #.
.##. # # . .#..
.. # . .


You could see a wretched star and a deep elf sorcerer.

Vanquished Creatures
  A centaur warrior (D:8)
  A glowing orange brain (Abyss:1)
  An ancient zyme (Abyss:1)
  A troll (D:9)
  3 hippogriffs
  5 yaks (D:9)
  A ynoxinul (Abyss:1)
  2 wyverns (D:9)
  A hungry ghost (D:9)
  2 water moccasins
  2 orc warriors
  5 ice beasts
  2 sky beasts
  A phantom (D:7)
  2 ogres
  5 centaurs
  3 big kobolds (Sewer)
  A small abomination (Abyss:1)
  A bullfrog (D:8)
  A wyvern skeleton (D:7)
  A water moccasin zombie (D:6)
  2 scorpions
  6 killer bees
  An electric eel (D:8)
  A bullfrog zombie (D:5)
  6 crimson imps
  A centaur zombie (D:8)
  9 hounds
  A jelly (D:6)
  4 orc priests
  3 iguanas
  11 orc wizards
  5 worker ants
  A hound zombie (D:8)
  4 hound skeletons
  11 adders
  8 gnolls
  7 river rats
  2 shadow imps (D:5)
  2 adder zombies
  2 oozes
  An adder skeleton (D:5)
  7 worms
  3 leopard geckos
  32 orcs
  3 ball pythons (Sewer)
  11 bats
  4 giant cockroaches
  7 goblins
  5 hobgoblins
  11 jackals
  21 kobolds
  9 frilled lizards
  A jackal skeleton (D:6)
  A leopard gecko zombie (D:5)
  A quokka zombie (D:8)
  31 rats
277 creatures vanquished.

Notes
Turn   | Place    | Note
-------+----------+-------------------------------------------
     0 | D:1      | dengdeng the Minotaur Berserker began the quest for the
                  | Orb.
     0 | D:1      | Reached XP level 1. HP: 19/19 MP: 0/0
   250 | D:1      | Reached XP level 2. HP: 20/27 MP: 1/1
   950 | D:2      | Reached XP level 3. HP: 34/34 MP: 2/2
  1130 | D:2      | Reached ** piety under Trog
  1553 | D:2      | Noticed a water moccasin
  1565 | D:2      | Killed a water moccasin
  1565 | D:2      | Reached XP level 4. HP: 22/41 MP: 3/3
  1565 | D:2      | Reached XP level 5. HP: 25/47 MP: 4/4
  2341 | D:3      | Reached skill level 5 in Armour
  2460 | D:3      | Reached skill level 5 in Fighting
  2750 | D:3      | Reached XP level 6. HP: 45/56 MP: 5/5
  3074 | D:4      | Reached skill level 1 in Throwing
  3075 | D:4      | Reached *** piety under Trog
  3149 | D:4      | Reached skill level 5 in Axes
  3556 | D:5      | Entered Level 5 of the Dungeon
  3583 | D:5      | Reached XP level 7. HP: 58/62 MP: 6/6
  3707 | D:5      | Found a glowing drain.
  3730 | Sewer    | Entered a sewer
  3875 | Sewer    | Reached **** piety under Trog
  3942 | Sewer    | Reached skill level 1 in Shields
  4609 | D:5      | Reached XP level 8. HP: 26/71 MP: 7/7
  4844 | D:5      | Found a hide-covered altar of Uskayaw.
  4981 | D:5      | Reached skill level 1 in Stealth
  5153 | D:5      | Found a shattered altar of Ashenzari.
  5321 | D:6      | Reached ***** piety under Trog
  5528 | D:6      | Found an ornate altar of the Wu Jian Council.
  6003 | D:6      | Found a stormy altar of Qazlal.
  6254 | D:7      | Found a staircase to the Ecumenical Temple.
  6316 | D:7      | Received a gift from Trog
  6316 | D:7      | Reached XP level 9. HP: 77/81 MP: 8/8
  6412 | D:7      | Found a deep blue altar of Sif Muna.
  6949 | D:7      | Found a shadowy altar of Dithmenos.
  7523 | D:8      | Reached skill level 10 in Axes
  7650 | D:8      | Found a hide-covered altar of Uskayaw.
  7678 | D:8      | Received a gift from Trog
  7853 | D:8      | Noticed a centaur warrior
  7867 | D:8      | Killed a centaur warrior
  7867 | D:8      | Reached XP level 10. HP: 76/93 MP: 9/9
  8167 | D:8      | Found a sparkling altar of Nemelex Xobeh.
  8246 | D:8      | Found a hide-covered altar of Uskayaw.
  8421 | D:9      | Reached skill level 10 in Fighting
  8421 | D:9      | Reached skill level 10 in Armour
  8505 | D:9      | Found a blossoming altar of Fedhas.
  8952 | D:9      | Found an ornate altar of the Wu Jian Council.
  9099 | D:10     | Entered Level 10 of the Dungeon
  9099 | D:10     | Noticed Sonja
  9105 | D:10     | Cast into level 1 of the Abyss (Sonja)
  9213 | Abyss:1  | Noticed a glowing orange brain
  9220 | Abyss:1  | Killed a glowing orange brain
  9220 | Abyss:1  | Reached skill level 5 in Shields
  9321 | Abyss:1  | Noticed a wretched star
  9328 | Abyss:1  | Noticed a deep elf sorcerer
  9331 | Abyss:1  | Splashed by a deep elf sorcerer's acid

Skill      XL: |  1  2  3  4  5  6  7  8  9 10 |
---------------+-------------------------------+-----
Fighting       | 4 5 6 7 9 11 | 11.0
Axes           | 4 5 7 8 10 11 | 11.6
Armour         | 3 4 5 6 8 9 11 | 11.1
Dodging        | 3 4 |  4.5
Throwing       | 1 |  1.1
Shields        | 1 2 4 5 |  5.0
Stealth        | 1 |  1.4

Action                   |  1- 3 |  4- 6 |  7- 9 | 10-12 || total
-------------------------+-------+-------+-------+-------++-------
Melee: Hand axe          |    78 |   107 |   349 |   154 ||   688
       Headbutt          |    16 |    14 |    81 |    43 ||   154
Throw: Stone             |    20 |     9 |       |       ||    29
       Javelin           |       |     2 |       |     1 ||     3
Invok: Berserk           |       |       |       |     3 ||     3
  Use: Scroll            |       |       |     3 |       ||     3
  Eat: Chunk             |     2 |     6 |    14 |     7 ||    29
       Ration            |       |       |       |     1 ||     1
Armor: Ring mail         |    24 |    33 |    43 |       ||   100
       Chain mail        |       |       |    54 |       ||    54
       Plate armour      |       |       |    59 |    86 ||   145
Dodge: Dodged            |    52 |    68 |   156 |    53 ||   329
Block: Buckler           |     3 |     7 |    66 |    32 ||   108
